 Dungeon Crawl Stone Soup version 0.29.1-2-gbd0b4ee654 (webtiles) character file.

Game seed: 13819833783294361122

761 DocClef the Insei (level 7, -9/53 HPs)
             Began as a Gnoll Transmuter on Nov 6, 2022.
             Mangled by a gnoll
             ... wielding a +0 halberd
             ... led by a gnoll bouda
              (12 damage)
             ... on level 6 of the Dungeon.
             The game lasted 00:07:02 (4819 turns).

DocClef the Insei (Gnoll Transmuter)                Turns: 4819, Time: 00:07:02

Health: -9/53      AC:  5    Str:  9    XL:     7   Next: 80%
Magic:  14/15      EV: 13    Int: 21    God:
Gold:   236        SH:  0    Dex: 12    Spells: 11/17 levels left

rFire   . . .      SeeInvis .     - Unarmed
rCold   . . .      Faith    .   (no shield)
rNeg    . . .      Spirit   .   w - +2 robe {Will+}
rPois   .          Reflect  .   (helmet currently unavailable)
rElec   .          Harm     .   l - +0 cloak
rCorr   +          Rampage  .   (no gloves)
Will    +....                   (boots currently unavailable)
Stlth   ++........              (no amulet)
HPRegen 0.17/turn               i - ring of resist corrosion
MPRegen 0.14/turn               k - +6 ring of intelligence

@: appendages, wereblooded
A: horns 2, talons 2, fangs 1, strong nose, distributed training
a: End Transformation


You were on level 6 of the Dungeon.
You had temporarily grown beastly horns and talons.
You visited 1 branch of the dungeon, and saw 6 of its levels.

You collected 236 gold pieces.

Inventory:

Armour
 f - a +0 pair of boots (melded)
 l - a +0 cloak (worn)
 n - a +0 helmet (melded)
 w - a +2 robe of willpower (worn)
 C - a +2 robe of cold resistance
 D - a +1 cloak
Jewellery
 i - a ring of resist corrosion (left hand)
 k - a +6 ring of intelligence (right hand)
Wands
 a - a wand of light (2)
Scrolls
 d - a scroll of summoning {unknown}
 e - a scroll of immolation {unknown}
 g - a scroll of vulnerability {unknown}
 h - a scroll of silence {unknown}
 j - 3 scrolls of identify {unknown}
 m - a scroll of teleportation {unknown}
 o - a scroll of butterflies {unknown}
 q - a scroll of torment {unknown}
 s - a scroll of amnesia {unknown}
 u - a scroll of poison {unknown}
 x - a scroll of enchant armour {unknown}
 y - a scroll of fear {unknown}
Potions
 b - a potion of lignification
 c - a potion of degeneration
 p - a potion of curing {unknown}
 r - 2 potions of ambrosia {unknown}
 t - a potion of invisibility {unknown}
 z - 2 potions of attraction {unknown}
 A - 2 potions of flight {unknown}
 B - a potion of magic {unknown}


   Skills:
 + Level 3.9 Fighting
 + Level 2.8 Short Blades
 + Level 2.8 Long Blades
 + Level 2.8 Axes
 + Level 2.8 Maces & Flails
 + Level 2.8 Polearms
 + Level 2.8 Staves
 + Level 2.8 Ranged Weapons
 + Level 2.8 Throwing
 + Level 2.8 Armour
 + Level 5.4 Dodging
 + Level 2.8 Stealth
 + Level 2.8 Shields
 + Level 7.2 Unarmed Combat
 + Level 5.8 Spellcasting
 + Level 2.3 Conjurations
 + Level 2.3 Hexes
 + Level 2.3 Summonings
 + Level 2.3 Necromancy
 + Level 2.3 Translocations
 + Level 4.5 Transmutations
 + Level 2.3 Fire Magic
 + Level 2.3 Ice Magic
 + Level 2.3 Air Magic
 + Level 2.3 Earth Magic
 + Level 2.3 Poison Magic
 + Level 3.1 Invocations
 + Level 2.8 Evocations


You had 11 spell levels left.
You knew the following spells:

 Your Spells              Type           Power      Damage    Failure   Level
a - Beastly Appendage     Tmut           50%        N/A       1%          1
b - Wereblood             Tmut           25%        N/A       2%          2
c - Spider Form           Tmut/Pois      20%        N/A       8%          3

Your spell library contained the following spells:

 Spells                   Type           Power      Damage    Failure   Level
 Sting                    Tmut/Pois      80%        1d7       2%          1
 Magic Dart               Conj           60%        1d6       3%          1
 Poisonous Vapours        Pois/Air       30%        N/A       6%          2
 Searing Ray              Conj           30%        2d5       6%          2
 Call Canine Familiar     Summ           15%        N/A       12%         3
 Portal Projectile        Hex/Tloc       30%        N/A       12%         3
 Ice Form                 Ice/Tmut       20%        N/A       24%         4
 Fulminant Prism          Conj/Hex       7%         3d7       36%         4
 Leda's Liquefaction      Hex/Erth       7%         N/A       36%         4
 Olgreb's Toxic Radiance  Pois           15%        N/A       36%         4


Dungeon Overview and Level Annotations

Branches:
Dungeon (6/15)
 Temple: D:4-7

Altars:
Elyvilon
Kikubaaqudgha
Qazlal
Vehumet

Annotations:
D:4 2 transporters, Cheops's ghost, novice DrCj; Edmund
D:5 Eustachio


Innate Abilities, Weirdness & Mutations

You have temporarily grown beastly horns and talons.
You have very sharp teeth.
Your uncanny sense of smell can sniff out nearby items.
Your experience applies equally to all skills.


Message History

The gnoll shouts!
You rip the net and break free!
The gnoll closely misses you. The gnoll bouda misses you.
The gnoll hits you but does no damage.
The gnoll hits you from afar with a +0 spear.
* * * LOW HITPOINT WARNING * * *
Okay, then.
Okay, then.
You feel much better. The gnoll completely misses you.
The gnoll hits you from afar with a +0 halberd!
The gnoll hits you from afar with a +0 spear.
The gnoll bouda misses you. The gnoll completely misses you.
The gnoll bouda attacks as you move away!
The gnoll bouda closely misses you.
The gnoll throws a throwing net.
The throwing net hits you.
You become entangled in the net!
You see here a throwing net.
You struggle against the net.
The gnoll hits you from afar with a +0 spear.
* * * LOW HITPOINT WARNING * * *
The gnoll bouda hits you with a +0 whip.
* * * LOW HITPOINT WARNING * * *
The gnoll hits you from afar with a +0 halberd!
* * * LOW HITPOINT WARNING * * *
You feel much better.
The gnoll hits you from afar with a +0 spear.
The gnoll barely misses you.
You struggle against the net.
The gnoll hits you but does no damage.
The gnoll bouda hits you with a +0 whip!
* * * LOW HITPOINT WARNING * * *
The gnoll hits you from afar with a +0 halberd!
* * * LOW HITPOINT WARNING * * *
You tear a large gash into the net.
The gnoll is no longer moving quickly.
The gnoll completely misses you.
The gnoll bouda barks out a call to the hunt!
The gnoll picks up the pace!
The gnoll completely misses you.
Unknown command.
You rip the net and break free!
The gnoll misses you. The gnoll bouda closely misses you.
The gnoll hits you from afar with a +0 halberd!
You die...

#.. .. ##...#####...##....
#..#.# #.#+#...#'#.#...).
#.....####.......#####...
#...g#...........###'#. #
#.##.........###..##
#.#g.+.........'.#....
##.gg###.......##...###
#..gg.##.......####....
.....###g@####+###########
#.### ##.................
. #######.#.....####
#.###....... #.###[#.####
#.....#.# # #######.# #
#.. . ###


You could see a gnoll bouda and 5 gnolls.

Vanquished Creatures
  Sigmund (D:3)
  An ogre (D:6)
  A phantom (D:4)
  A scorpion (D:4)
  A centaur zombie (D:3)
  An orc priest (D:4)
  A hound (D:5)
  Terence (D:3)
  An orc wizard (D:4)
  Natasha (thrice) (D:3)
  2 hound zombies (D:3)
  4 adders
  A white imp (D:6)
  An adder skeleton (D:3)
  3 worms
  2 dart slugs
  9 orcs
  9 bats
  2 endoplasms (D:4)
  7 giant cockroaches
  4 goblins
  5 hobgoblins
  3 jackals (D:1)
  6 quokkas
  A ball python (D:4)
  A ball python zombie (D:3)
  3 frilled lizards
  8 kobolds
  A quokka skeleton (D:3)
  6 rats
90 creatures vanquished.

Notes
Turn   | Place    | Note
-------+----------+-------------------------------------------
     0 | D:1      | DocClef the Gnoll Transmuter began the quest for the Orb.
     0 | D:1      | Reached XP level 1. HP: 17/17 MP: 6/6
   150 | D:1      | Reached XP level 2. HP: 22/23 MP: 5/7
   695 | D:1      | Reached skill level 5 in Spellcasting
   695 | D:1      | Reached XP level 3. HP: 28/28 MP: 6/9
   793 | D:2      | Reached skill level 1 in Invocations
   809 | D:2      | Learned a level 2 spell: Wereblood
   856 | D:2      | Found a faded altar of an unknown god.
   882 | D:2      | Reached skill level 1 in Short Blades
   882 | D:2      | Reached skill level 1 in Long Blades
   882 | D:2      | Reached skill level 1 in Axes
   882 | D:2      | Reached skill level 1 in Maces & Flails
   882 | D:2      | Reached skill level 1 in Polearms
   882 | D:2      | Reached skill level 1 in Staves
   882 | D:2      | Reached skill level 1 in Ranged Weapons
   882 | D:2      | Reached skill level 1 in Throwing
   882 | D:2      | Reached skill level 1 in Armour
   882 | D:2      | Reached skill level 1 in Stealth
   882 | D:2      | Reached skill level 1 in Shields
   882 | D:2      | Reached skill level 1 in Evocations
  1101 | D:2      | Reached XP level 4. HP: 34/34 MP: 9/11
  1832 | D:2      | Found a radiant altar of Vehumet.
  1945 | D:3      | Reached skill level 1 in Conjurations
  1945 | D:3      | Reached skill level 1 in Hexes
  1945 | D:3      | Reached skill level 1 in Summonings
  1945 | D:3      | Reached skill level 1 in Necromancy
  1945 | D:3      | Reached skill level 1 in Translocations
  1945 | D:3      | Reached skill level 1 in Fire Magic
  1945 | D:3      | Reached skill level 1 in Ice Magic
  1945 | D:3      | Reached skill level 1 in Air Magic
  1945 | D:3      | Reached skill level 1 in Earth Magic
  1945 | D:3      | Reached skill level 1 in Poison Magic
  2105 | D:3      | Noticed Terence
  2120 | D:3      | HP: 1/34 [Terence/+0 flail (2)]
  2130 | D:3      | Killed Terence
  2256 | D:3      | Noticed Sigmund
  2271 | D:3      | Killed Sigmund
  2272 | D:3      | Reached skill level 5 in Dodging
  2272 | D:3      | Reached XP level 5. HP: 2/41 MP: 12/12
  2272 | D:3      | Reached XP level 6. HP: 2/47 MP: 14/14
  2600 | D:3      | Found a white marble altar of Elyvilon.
  3013 | D:3      | Noticed Natasha
  3020 | D:3      | Killed Natasha
  3037 | D:3      | Noticed Natasha
  3049 | D:3      | Killed Natasha
  3196 | D:3      | Noticed Natasha
  3206 | D:3      | Killed Natasha
  3394 | D:4      | Reached skill level 7 in Unarmed Combat
  3394 | D:4      | Reached XP level 7. HP: 49/52 MP: 15/15
  3484 | D:4      | Found a stormy altar of Qazlal.
  3499 | D:4      | Noticed Edmund
  3618 | D:4      | Found an ancient bone altar of Kikubaaqudgha.
  3683 | D:4      | Found a transporter.
  3816 | D:4      | Noticed Cheops's ghost (novice DrCj)
  3817 | D:4      | Found a transporter.
  4038 | D:5      | Entered Level 5 of the Dungeon
  4172 | D:5      | Noticed Eustachio
  4764 | D:6      | Learned a level 3 spell: Spider Form
  4815 | D:6      | HP: 1/53 [gnoll/+0 halberd[a gnoll bouda] (8)]
  4819 | D:6      | Mangled by a gnoll

Illustrated notes

Levels and vault maps discovered:
D:1:      tarquinn_simple_flora_water_d, layout_basic, dreamdust_wishing_well,
          minmay_door_square
D:2:      layout_basic, basic_altar, nicolae_ecumenical_pavilion,
          chequers_serial_rivers_micro_d, minmay_box_of_dots
D:3:      layout_loops_ring, lemuel_doored_altar, serial_undead,
          serial_undead_c, serial_undead_e, serial_undead_e, serial_undead_d,
          serial_undead_a, uniq_terence, uniq_sigmund, uniq_natasha
D:4:      layout_basic, nicolae_overflow_crystal_walls, kiku_gazebo_pond_becter,
          gammafunk_ghost_arena, minmay_misc_feat_roman,
          chequers_serial_rivers_micro_a, uniq_edmund, uniq_ijyb, uniq_robin,
          uniq_blork_the_orc
D:5:      layout_basic, serial_corexii_hall, corexii_hall_statues_l,
          corexii_hall_statues_l, hex_intersection, kennysheep_generic_room_13,
          uniq_menkaure, uniq_eustachio
D:6:      nicolae_cairo_tiling_very_big, layout_basic, slow_altar_1,
          nemelex_dance_club_becter, serial_shops, shop

Skill      XL: |  1  2  3  4  5  6  7 |
---------------+----------------------+-----
Spellcasting   | 5 |  5.8
Invocations    | 1 2 3 |  3.1
Short Blades   | 1 2 |  2.8
Long Blades    | 1 2 |  2.8
Axes           | 1 2 |  2.8
Maces & Flails | 1 2 |  2.8
Polearms       | 1 2 |  2.8
Staves         | 1 2 |  2.8
Ranged Weapons | 1 2 |  2.8
Throwing       | 1 2 |  2.8
Armour         | 1 2 |  2.8
Stealth        | 1 2 |  2.8
Shields        | 1 2 |  2.8
Evocations     | 1 2 |  2.8
Conjurations   | 1 2 |  2.3
Hexes          | 1 2 |  2.3
Summonings     | 1 2 |  2.3
Necromancy     | 1 2 |  2.3
Translocations | 1 2 |  2.3
Fire Magic     | 1 2 |  2.3
Ice Magic      | 1 2 |  2.3
Air Magic      | 1 2 |  2.3
Earth Magic    | 1 2 |  2.3
Poison Magic   | 1 2 |  2.3
Fighting       | 3 |  3.9
Dodging        | 5 |  5.4
Transmutations | 4 |  4.5
Unarmed Combat | 7 |  7.2

Action                   |  1- 3 |  4- 6 |  7- 9 || total
-------------------------+-------+-------+-------++-------
Melee: Unarmed           |    74 |   138 |   112 ||   324
       Kick              |    11 |    31 |    22 ||    64
       Headbutt          |     6 |    11 |    10 ||    27
       Punch             |     2 |     5 |     6 ||    13
       Bite              |     5 |     9 |    11 ||    25
 Cast: Beastly Appendage |    13 |    13 |    11 ||    37
       Wereblood         |       |     1 |     4 ||     5
  Use: Potion            |       |     2 |     2 ||     4
 Stab: Sleeping          |     1 |     4 |     4 ||     9
Armor: Robe              |    18 |    44 |    28 ||    90
Dodge: Dodged            |    55 |    73 |    67 ||   195
